 Dungeon Crawl Stone Soup version 0.29.1-1-gd02db6906a (webtiles) character file.

Game seed: 2712906356236834454

646 Linkola the Trooper (level 7, -8/61 HPs)
             Began as a Minotaur Berserker on Sept 19, 2022.
             Was a Priest of Trog.
             Mangled by an ogre
             ... wielding a +0 giant spiked club
              (26 damage)
             ... on level 4 of the Dungeon.
             The game lasted 00:21:17 (3802 turns).

Linkola the Trooper (Minotaur Berserker)            Turns: 3802, Time: 00:21:18

Health: -8/61      AC: 13    Str: 23    XL:     7   Next: 27%
Magic:  6/6        EV:  8    Int:  4    God:    Trog [***...]
Gold:   320        SH:  0    Dex: 10    Spells: 6/6 levels left

rFire   . . .      SeeInvis .   p - +3 quarterstaff (chaos)
rCold   . . .      Faith    .   (shield currently unavailable)
rNeg    . . .      Spirit   .   t - +0 chain mail
rPois   .          Reflect  .   (helmet restricted)
rElec   .          Harm     .   q - +2 cloak {rCorr}
rCorr   +          Rampage  .   x - +0 pair of gloves
Will    ++...                   (no boots)
Stlth   ..........              (no amulet)
HPRegen 1.20/turn               (no ring)
MPRegen 0.10/turn               (no ring)

@: strong-willed, regenerating
A: horns 2, retaliatory headbutt
a: Renounce Religion, Berserk, Trog's Hand


You were on level 4 of the Dungeon.
You worshipped Trog.
Trog was most pleased with you.
You visited 1 branch of the dungeon, and saw 4 of its levels.

You collected 320 gold pieces.

Inventory:

Hand Weapons
 g - a +3 short sword of speed
 p - a +3 quarterstaff of chaos (weapon)
 r - a +2 hammer of holy wrath
Missiles
 a - 4 boomerangs
 f - 2 stones (quivered)
 j - 8 poisoned darts
 o - 2 throwing nets
Armour
 q - a +2 cloak of preservation (worn)
 t - a +0 chain mail (worn)
 x - a +0 pair of gloves (worn)
Scrolls
 c - a scroll of enchant weapon
 d - a scroll of identify
 i - a scroll of blinking
 s - a scroll of teleportation
Potions
 b - a potion of flight {unknown}
 e - 2 potions of attraction {unknown}
 h - a potion of degeneration {unknown}
 l - a potion of lignification {unknown}
 m - a potion of might {unknown}
 n - a potion of heal wounds {unknown}
 v - 2 potions of curing


   Skills:
 + Level 5.1 Fighting
 + Level 1.6 Short Blades
 + Level 4.3(5.3) Polearms
 + Level 4.6(5.5) Staves
 + Level 3.9 Throwing
 + Level 3.7 Armour
 + Level 2.6 Dodging
 - Level 0.2 Stealth
 - Level 1.0 Evocations


You had 6 spell levels left.
You didn't know any spells.
Your spell library was empty.

Dungeon Overview and Level Annotations

Branches:
Dungeon (4/15)
 Temple: D:4-7

Altars:
Gozag
Xom


Innate Abilities, Weirdness & Mutations

You have a pair of horns on your head.
You reflexively headbutt those who attack you in melee.


Message History

Trog accepts your kill. The gnoll closely misses you. You furiously retaliate!
You headbutt the gnoll! You sock the gnoll!
You kill the gnoll!
Trog accepts your kill.
You barely miss the quokka. The quokka barely misses you.
The quokka bites you but does no damage.
You sock the quokka!
You kill the quokka!
Trog accepts your kill.
You sock the goblin!
You kill the goblin!
Trog accepts your kill. The adder bites you but does no damage.
You closely miss the adder. Your headbutt misses the adder.
The adder closely misses you.
You sock the adder!
You kill the adder!
Trog accepts your kill.
You sock the iguana!
The iguana evaporates and reforms as a hobgoblin!
You headbutt the hobgoblin.
You kill the hobgoblin!
Trog accepts your kill.
The iguana returns to its original shape as it dies.
You hit the ogre.
You headbutt the ogre, but do no damage.
The ogre is moderately wounded.
The ogre barely misses you.
You hit the ogre.
The ogre is moderately wounded.
The ogre hits you with a +0 giant spiked club!!
You sock the ogre!
The ogre flickers and vanishes!
Deactivating autopickup; reactivate with Ctrl-A.
Something hits you!!
* * * LOW HITPOINT WARNING * * *
Your skin crawls.
You feel strong-willed.
You barely miss something. Something hits you!!
You die...

#.# #.##
#..###
##...######
##.......# #
##..###.#..#
# ##..## # #
##..## #
#...@# ##
#..##{.8.8..
#. #.##
....... #.
#. .##.### #
##. #. ##
.##.#. ###..
#.
......#....
#.
..........
##
#######...
#...


There were no monsters in sight!

Vanquished Creatures
  A steam dragon (D:3)
  4 killer bees (D:4)
  A hound (D:4)
  Crazy Yiuf (D:2)
  An iguana (D:4)
  An orc wizard (D:3)
  4 gnolls
  6 adders
  3 worms
  4 dart slugs
  12 orcs
  7 ball pythons
  7 endoplasms
  4 giant cockroaches
  14 goblins
  14 hobgoblins
  2 quokkas
  7 bats
  5 frilled lizards
  8 kobolds
  A rat (D:1)
107 creatures vanquished.

Notes
Turn   | Place    | Note
-------+----------+-------------------------------------------
     0 | D:1      | Linkola the Minotaur Berserker began the quest for the Orb.
     0 | D:1      | Reached XP level 1. HP: 19/19 MP: 0/0
    78 | D:1      | Reached skill level 4 in Fighting
    78 | D:1      | Reached XP level 2. HP: 11/27 MP: 1/1
   481 | D:1      | Reached XP level 3. HP: 33/33 MP: 2/2
   544 | D:1      | Found a faded altar of an unknown god.
   848 | D:1      | Reached skill level 1 in Throwing
  1037 | D:1      | Reached ** piety under Trog
  1554 | D:2      | Found an opulent altar of Gozag.
  1761 | D:2      | Reached XP level 4. HP: 40/40 MP: 3/3
  2097 | D:2      | Found a runed translucent door.
  2098 | D:2      | Noticed Crazy Yiuf
  2106 | D:2      | Killed Crazy Yiuf
  2107 | D:2      | Reached skill level 1 in Short Blades
  2342 | D:3      | Reached XP level 5. HP: 39/47 MP: 4/4
  2651 | D:3      | Reached skill level 1 in Staves
  2898 | D:3      | Noticed a steam dragon
  2906 | D:3      | Killed a steam dragon
  2907 | D:3      | Reached skill level 1 in Evocations
  2907 | D:3      | Reached XP level 6. HP: 51/55 MP: 5/5
  3241 | D:4      | Reached skill level 5 in Fighting
  3241 | D:4      | Reached XP level 7. HP: 61/61 MP: 6/6
  3242 | D:4      | Reached *** piety under Trog
  3327 | D:4      | Found a shimmering altar of Xom.
  3802 | D:4      | Mangled by an ogre

Illustrated notes

Levels and vault maps discovered:
D:1:      nagdon_arrival_double_spiral, layout_basic,
          shapermc_ecumenical_altar_starsandcircs
D:2:      layout_loops_ring, basic_altar, uniq_crazy_yiuf_cottage
D:3:      layout_basic, serial_rivers, chequers_serial_rivers_micro_c,
          chequers_serial_rivers_small_a, chequers_serial_rivers_micro_c,
          chequers_serial_rivers_micro_c, chequers_serial_rivers_marsh,
          chequers_mini_garden, guppyfry_early_orc_mine
D:4:      layout_cave_pods, general_overflow_altar, grunt_decor_one_mirror,
          minmay_ruined_shrine

Skill      XL: |  1  2  3  4  5  6 |
---------------+-------------------+-----
Fighting       | 4 5 |  5.1
Polearms       | 4 |  4.3
Throwing       | 1 2 3 |  3.9
Short Blades   | 1 |  1.6
Armour         | 3 |  3.7
Staves         | 3 4 |  4.6
Evocations     | 1 |  1.0
Dodging        | |  2.6
Stealth        | |  0.2

Action                   |  1- 3 |  4- 6 |  7- 9 || total
-------------------------+-------+-------+-------++-------
Melee: Spear             |    29 |       |       ||    29
       Headbutt          |    12 |     8 |     4 ||    24
       Short sword       |    53 |    12 |       ||    65
       Quarterstaff      |       |    62 |    26 ||    88
Throw: Boomerang         |    33 |    19 |     8 ||    60
       Stone             |     9 |    19 |    17 ||    45
Invok: Berserk           |       |     4 |       ||     4
       Trog's Hand       |       |       |     1 ||     1
Evoke: Wand              |       |     6 |       ||     6
  Use: Scroll            |     5 |       |     6 ||    11
Armor: Animal skin       |     3 |       |       ||     3
       Scale mail        |    11 |    12 |       ||    23
       Ring mail         |     9 |       |       ||     9
       Chain mail        |       |    18 |     5 ||    23
Dodge: Dodged            |    46 |    37 |    12 ||    95
